 Dungeon Crawl Stone Soup version 0.30-a0-737-gf23d94013f (webtiles) character file.

Game seed: 11976735166389063114

801 Dittersdorf the Covered (level 7, -3/45 HPs)
             Began as a Gargoyle Fighter on Feb 1, 2023.
             Killed from afar by an orc wizard (9 damage)
             ... with a puff of flame
             ... on level 5 of the Dungeon.
             The game lasted 00:04:13 (3503 turns).

Dittersdorf the Covered (Gargoyle Fighter)          Turns: 3503, Time: 00:04:14

Health: -3/45      AC: 14    Str: 27    XL:     7   Next: 90%
Magic:  7/7        EV:  8    Int:  9    God:
Gold:   275        SH:  9    Dex:  9    Spells: 6/6 levels left

rFire   . . .      SeeInvis .    p - +2 flail (heavy)
rCold   . . .      Faith    .    h - +1 kite shield
rNeg    + . .      Spirit   .    b - +0 scale mail
rPois   ∞          Reflect  .    (no helmet)
rElec   +          Harm     .    o - +0 cloak
rCorr   +          Rampage  .    i - +0 pair of gloves
Will    .....                    (no boots) Stlth
                                 (no amulet)
HPRegen 0.27/turn                w - ring of resist corrosion
MPRegen 0.10/turn                x - +6 ring of strength

@: no status effects
A: sickness immunity, AC +4, negative energy resistance 1, electricity
resistance, torment resistance 1, petrification resistance
a: no special abilities


You were on level 5 of the Dungeon.
You visited 1 branch of the dungeon, and saw 5 of its levels.

You collected 275 gold pieces.

Inventory:

Hand Weapons
 p - a +2 heavy flail (weapon)
Missiles
 g - 4 poisoned darts (quivered)
 m - a throwing net
Armour
 b - a +0 scale mail (worn)
 h - a +1 kite shield (worn)
 i - a +0 pair of gloves (worn)
 o - a +0 cloak (worn)
Jewellery
 a - a ring of fire
 l - a ring of ice
 w - a ring of resist corrosion (left hand)
 x - a +6 ring of strength (right hand)
Wands
 n - a wand of paralysis (8)
 t - a wand of flame (8)
Scrolls
 e - 2 scrolls of enchant armour
 f - 2 scrolls of teleportation
 s - 2 scrolls of blinking
Potions
 c - a potion of magic
 d - 2 potions of might
 j - 2 potions of resistance {unknown}
 k - a potion of haste
 q - a potion of flight
 r - 5 potions of curing
 u - a potion of mutation {unknown}
 v - a potion of brilliance {unknown}


   Skills:
 + Level 5.6 Fighting
 + Level 4.6 Maces & Flails
 + Level 5.7 Armour
 + Level 5.7 Shields


You had 6 spell levels left.
You didn't know any spells.
Your spell library contained the following spells:

 Spells                   Type           Power      Damage    Failure   Level
 Ignite Poison            Fire/Tmut/Pois 0%         N/A       100%        3
 Petrify                  Tmut/Erth      0%         N/A       100%        4
 Sticky Flame             Conj/Fire      0%         2d3       100%        4
 Freezing Cloud           Conj/Ice/Air   0%         6-21      100%        5
 Irradiate                Conj/Tmut      0%         3d11      100%        5
 Malign Gateway           Summ/Tloc      0%         N/A       100%        7
 Disjunction              Tloc           0%         N/A       100%        8
 Ignition                 Fire           0%         3d3       100%        8
 Sublimation of Blood     Necr           Unusable   N/A       N/A         2

Dungeon Overview and Level Annotations

Branches:
Dungeon (5/15)
 Temple: D:4-7

Altars:
Makhleb
Wu Jian
The Shining One


Innate Abilities, Weirdness & Mutations

You are immune to sickness and miasma.
Your stone body is resilient. (AC +4)
You are immune to poison.
You resist negative energy. (rN+)
You are resistant to electric shocks. (rElec)
You are resistant to unholy torment.
You are immune to petrification.


Message History

You sock the ice beast!
The ice beast is almost dead.
Something hits you but does no damage. You block the orc's attack.
The orc wizard gestures at you while chanting.
The puff of flame hits you.
* * * LOW HITPOINT WARNING * * *
The ice beast misses you.
You hit the ice beast.
You kill the ice beast!
Something hits you but does no damage. You block the orc wizard's attack.
The orc hits you but does no damage. Something hits you but does no damage.
The orc wizard hits you but does no damage.
The orc hits you but does no damage.
You sock the orc wizard!
The orc wizard is heavily wounded.
You block something's attack.
The orc wizard hits you but does no damage.
The orc hits you but does no damage. Something hits you but does no damage.
The orc wizard casts a spell at you. You resist with some effort.
The orc hits you from afar with a +0 trident.
* * * LOW HITPOINT WARNING * * *
You hit the orc wizard.
The orc wizard is severely wounded.
Something hits you.
* * * LOW HITPOINT WARNING * * *
The orc wizard casts a spell at you. You resist with some effort.
You block the orc's attack. Something hits you but does no damage.
You block the orc wizard's attack. You block the orc's attack.
You bludgeon the orc wizard!!
You kill the orc wizard!
You hear some strange, mumbled words.
A puff of flame appears from out of thin air!
You block the puff of flame. The orc closely misses you.
Something hits you but does no damage. The orc barely misses you.
You hear some strange, mumbled words.
A puff of flame appears from out of thin air!
The puff of flame hits you!
You die...

#.##.## #.##.# ##.##.#
......# .....## ....##
....# #############
..##### ##.....#....!##
......###.......@.....#
..###............o.....#
#.# ####........{......#
..### #...............#
....####...............#
#.#....................#
[...##.##.............##
..####...#.....#.....##
..# ###...###########


You could see an orc.

Vanquished Creatures
  A water moccasin (D:5)
  An ice beast (D:5)
  A phantom (D:3)
  A gnoll sergeant (D:4)
  A bullfrog (D:5)
  A scorpion (D:4)
  A hound (D:3)
  An orc priest (D:3)
  Jessica (D:2)
  An orc wizard (D:5)
  4 gnolls (D:4)
  8 adders
  An ufetubus (D:5)
  3 worms
  4 dart slugs
  9 orcs
  5 endoplasms
  13 giant cockroaches
  5 hobgoblins
  8 jackals
  6 ball pythons
  5 bats
  3 frilled lizards
  7 goblins
  5 kobolds
  5 rats
101 creatures vanquished.

Vanquished Creatures (others)
  5 plants (D:1)
5 creatures vanquished.

Grand Total: 106 creatures vanquished

Notes
Turn   | Place    | Note
-------+----------+-------------------------------------------
     0 | D:1      | Dittersdorf the Gargoyle Fighter began the quest for the
                  | Orb.
     0 | D:1      | Reached XP level 1. HP: 14/14 MP: 1/1
    99 | D:1      | Reached XP level 2. HP: 19/19 MP: 2/2
   352 | D:1      | Reached XP level 3. HP: 21/23 MP: 3/3
   857 | D:2      | Noticed Jessica
   871 | D:2      | Killed Jessica
   872 | D:2      | Reached XP level 4. HP: 16/29 MP: 4/4
   882 | D:2      | HP: 1/29 [worm (2)]
  1628 | D:3      | Found a glowing golden altar of the Shining One.
  1688 | D:3      | Reached XP level 5. HP: 33/33 MP: 5/5
  1810 | D:3      | Found a burning altar of Makhleb.
  1854 | D:3      | Noticed a phantom
  1869 | D:3      | Killed a phantom
  1870 | D:3      | Reached XP level 6. HP: 37/39 MP: 6/6
  2070 | D:3      | Found a faded altar of an unknown god.
  2179 | D:3      | Found an ornate altar of the Wu Jian Council.
  2557 | D:4      | Reached skill level 5 in Armour
  2915 | D:4      | Got the Handbook of the Kraken
  2953 | D:4      | Reached skill level 5 in Fighting
  2953 | D:4      | Reached skill level 5 in Shields
  2953 | D:4      | Reached XP level 7. HP: 12/44 MP: 7/7
  3200 | D:5      | Entered Level 5 of the Dungeon
  3503 | D:5      | Killed from afar by an orc wizard

Illustrated notes

Levels and vault maps discovered:
D:1:      tarquinn_simple_flora_water_c, layout_loops_cross, st_stairs_1,
          minmay_worlds_worst_comb
D:2:      layout_loops_ring, minmay_unequal, uniq_jessica
D:3:      layout_basic, amcnicky_altar_gilded, general_overflow_altar,
          mainiacjoe_overflow_surrounded_room,
          shapermc_ecumenical_altar_mp_highgroup, kennysheep_generic_room_10
D:4:      layout_rooms, serial_bayou, serial_bayou_crossing,
          serial_bayou_pond_d, serial_bayou_pond_d, serial_bayou_lagoon_b,
          lightli_minifort
D:5:      layout_rooms

Skill      XL: |  1  2  3  4  5  6 |
---------------+-------------------+-----
Shields        | 4 5 |  5.7
Fighting       | 4 5 |  5.6
Armour         | 4 5 |  5.7
Maces & Flails | 3 4 |  4.6

Action                     |  1- 3 |  4- 6 |  7- 9 || total
---------------------------+-------+-------+-------++-------
  Melee: Flail             |   102 |   201 |    42 ||   345
    Use: Scroll            |       |     8 |     2 ||    10
 Armour: Scale mail        |    50 |   155 |    64 ||   269
  Dodge: Dodged            |    44 |    97 |    35 ||   176
  Block: Buckler           |    14 |       |       ||    14
         Kite shield       |    21 |   133 |    60 ||   214

Table legend: (Time is in decaauts)
 A = Elapsed time spent in this place.
 B = Non-inter-level travel time spent in this place.
 C = Inter-level travel time spent in this place.
 D = Time resting spent in this place.
 E = Time spent auto-exploring this place.
 F = Levels seen in this place.
 G = Mean time per level.
                   A        B        C        D        E       F      G
               +--------+--------+--------+--------+--------+-----+--------+
         Total |   3750 |   3636 |    114 |    326 |   2417 |   5 |  750.0 |
       Dungeon |   3750 |   3636 |    114 |    326 |   2417 |   5 |  750.0 |
               +--------+--------+--------+--------+--------+-----+--------+

Top non-repeatable levels by time:
     D:3: 1023 daAuts
     D:2: 860 daAuts
     D:4: 821 daAuts
     D:1: 710 daAuts
     D:5: 335 daAuts
